 Dungeon Crawl Stone Soup version 0.29.1-12-g30fa7ad0bf (webtiles) character file.

Game seed: 8445034840218279543

127 Gabide the Trooper (level 5, 0/43 HPs)
             Began as a Formicid Berserker on Dec 19, 2022.
             Was a Believer of Trog.
             Slain by a gnoll
             ... wielding a +1 spear of flaming
              (4 damage)
             ... on level 3 of the Dungeon.
             The game lasted 00:02:47 (3034 turns).

Gabide the Trooper (Formicid Berserker)             Turns: 3034, Time: 00:02:48

Health: 0/43       AC:  3    Str: 23    XL:     5   Next: 33%
Magic:  5/5        EV: 12    Int:  7    God:    Trog [**....]
Gold:   104        SH:  0    Dex: 13    Spells: 4/4 levels left

rFire   . . .      SeeInvis +   l - +3 mace
rCold   . . .      Faith    .   (no shield)
rNeg    . . .      Spirit   .   b - +0 animal skin
rPois   .          Reflect  .   (helmet unavailable)
rElec   .          Harm     .   (no cloak)
rCorr   .          Rampage  .   c - +0 pair of gloves
Will    ++...                   (no boots)
Stlth   +.........              (no amulet)
HPRegen 1.14/turn               (no ring)
MPRegen 0.09/turn               (no ring)

@: strong-willed, regenerating
A: permanent stasis, dig shafts and tunnels, antennae 3, four strong arms
a: Dig, Shaft Self, Renounce Religion, Trog's Hand


You were on level 3 of the Dungeon.
You worshipped Trog.
Trog was pleased with you.
You visited 1 branch of the dungeon, and saw 3 of its levels.

You collected 104 gold pieces.

Inventory:

Hand Weapons
 l - a +3 mace (weapon)
Armour
 b - a +0 animal skin (worn)
 c - a +0 pair of gloves (worn)
Wands
 j - a wand of flame (26) (quivered)
Scrolls
 i - a scroll of torment {unknown}
Potions
 g - 2 potions of curing
 k - a potion of magic {unknown}


   Skills:
 * Level 4.6 Fighting
 * Level 4.2 Maces & Flails
 - Level 2.1 Armour
 + Level 2.5 Dodging


You had 4 spell levels left.
You didn't know any spells.
Your spell library was empty.

Dungeon Overview and Level Annotations

Branches:
Dungeon (3/15)

Altars:

Shops:
D:3 [(


Innate Abilities, Weirdness & Mutations

You cannot be hasted, slowed, berserked, paralysed or teleported.
You can dig through walls and to a lower floor.
You have a pair of large antennae on your head. (SInv)
Your four strong arms can wield two-handed weapons with a shield.


Message History

The gnoll burns you. The gnoll hits you with a +0 whip.
You are too injured to fight recklessly!
You are too injured to fight recklessly!
You are too injured to fight recklessly!
You are too injured to fight recklessly!
You are too injured to fight recklessly!
You are too injured to fight recklessly!
You are too injured to fight recklessly!
You are too injured to fight recklessly!
You are too injured to fight recklessly!
You are too injured to fight recklessly!
You are too injured to fight recklessly!
You are too injured to fight recklessly!
You are too injured to fight recklessly!
You are too injured to fight recklessly!
You are too injured to fight recklessly!
The gnoll attacks as you move away! The gnoll hits you with a +0 whip!
Things that are here:
a +0 club; a goblin corpse The gnoll attacks as you move away!
The gnoll barely misses you.
There is an open door here.
The gnoll attacks as you move away! The gnoll misses you.
The gnoll attacks as you move away! The gnoll barely misses you.
The gnoll attacks as you move away! The gnoll hits you with a +0 flail!
* * * LOW HITPOINT WARNING * * *
Aiming: Throw Flame
Press: ? - help, Q - select action, (/) - cycle Shift-Dir - straight line, f - gnoll
Aim: a gnoll, wielding a +0 flail (72% to hit)
The puff of flame hits the gnoll.
The gnoll is moderately wounded.
The gnoll hits you with a +0 flail!
* * * LOW HITPOINT WARNING * * *
Your skin crawls.
You feel strong-willed. The gnoll misses you.
You feel better.
The gnoll hits you from afar with a +1 spear of flaming!
* * * LOW HITPOINT WARNING * * *
The gnoll burns you.
You die...

######
.....############################
.....'...K.gg.gg@................
....K############################
.....# ..{{.# ##{### ..).# { #
.##... # . KK..# # .#### #####


You could see 3 gnolls, a hobgoblin and a kobold.

Vanquished Creatures
  A gnoll (D:3)
  5 adders
  2 worms
  2 dart slugs
  3 orcs (D:2)
  4 ball pythons
  7 endoplasms
  2 giant cockroaches (D:2)
  4 goblins
  5 hobgoblins
  A jackal (D:2)
  8 kobolds
  5 quokkas
  3 bats
  A frilled lizard (D:1)
  2 rats (D:2)
55 creatures vanquished.

Notes
Turn   | Place    | Note
-------+----------+-------------------------------------------
     0 | D:1      | Gabide the Formicid Berserker began the quest for the Orb.
     0 | D:1      | Reached XP level 1. HP: 18/18 MP: 1/1
   306 | D:1      | Reached XP level 2. HP: 23/24 MP: 2/2
   844 | D:1      | Found a faded altar of an unknown god.
   889 | D:1      | Reached XP level 3. HP: 30/30 MP: 3/3
  1230 | D:2      | Reached XP level 4. HP: 28/37 MP: 4/4
  2283 | D:2      | Reached ** piety under Trog
  2299 | D:2      | Reached XP level 5. HP: 35/43 MP: 5/5
  2737 | D:3      | Found Borielum's Antique Armour Shop.
  2948 | D:3      | Found Unirussoab's Weapon Shoppe.
  3034 | D:3      | Slain by a gnoll

Illustrated notes

Levels and vault maps discovered:
D:1:      scummos_arrival_star, layout_rooms, serial_aquarium,
          aquarium_bridge_square [aquarium_subvault_bridge,
          aquarium_subvault_bridge, aquarium_subvault_bridge,
          aquarium_subvault_balcony], aquarium_window_corridor_1,
          aquarium_window_1, aquarium_view_2d, aquarium_view_2g,
          shapermc_ecumenical_altar_totnotflames
D:2:      layout_loops_corners, minmay_pentomino_r4
D:3:      cheibrodos_thug_alley, layout_basic,
          chequers_temple_overflow_statue_of_worship, serial_shops,
          nicolae_shop_statue_plus, shop, shop,
          nicolae_shop_bloodbath_and_beyond, shop

Skill      XL: |  1  2  3  4 |
---------------+-------------+-----
Dodging        | 2 |  2.5
Fighting       | 4 |  4.6
Maces & Flails | 4 |  4.2
Armour         | |  2.1

Action                   |  1- 3 |  4- 6 || total
-------------------------+-------+-------++-------
Melee: Mace              |    88 |    94 ||   182
       Punch             |     1 |     1 ||     2
Invok: Trog's Hand       |       |     1 ||     1
Evoke: Wand              |       |     5 ||     5
  Use: Potion            |     1 |     1 ||     2
       Scroll            |       |     4 ||     4
 Stab: Sleeping          |     2 |     3 ||     5
Armor: Animal skin       |    29 |    19 ||    48
Dodge: Dodged            |    67 |    68 ||   135
